 Dungeon Crawl Stone Soup version 0.29.1-2-gbd0b4ee654 (webtiles) character file.

Game seed: 17912731017235488970

1481275 Mitcholas the Slayer (level 27, 195/195 HPs)
             Began as a Gargoyle Fighter on Nov 12, 2022.
             Was a High Priest of Okawaru.
             Escaped with the Orb
             ... and 3 runes on Nov 29, 2022!
             The game lasted 06:03:05 (91382 turns).

Mitcholas the Slayer (Gargoyle Fighter)            Turns: 91382, Time: 06:03:05

Health: 195/195    AC: 73    Str: 34 (35) XL:     27
Magic:  32/32      EV:  9    Int: 21 (22) God:    Okawaru [*****.]
Gold:   5839       SH: 28    Dex: 11      Spells: 26/26 levels left

rFire   + + +      SeeInvis .   K - +8 war axe "Loadaots" {venom, rPois Will+}
rCold   + + +      Faith    .   W - +6 tower shield of Intuition {rC+++ rCorr Dex-3}
rNeg    + + +      Spirit   .   P - +10 crystal plate armour of Analysis {Dex+5}
rPois   ∞          Reflect  .   U - +2 hat of Parts Unknown {rElec rF++ Int+5}
rElec   +          Harm     .   I - +0 cloak of a volcano {rF+ Slay+2}
rCorr   +          Rampage  +   m - +1 pair of gloves of the Dolphin {rElec Str+5}
Will    +++++      Clarity  +   r - +2 pair of boots {rampage}
Stlth   ..........              M - amulet of the Four Winds {rN+ Will+++ Clar}
HPRegen 0.42/turn               S - ring "Suhiwn" {rF+ rN+ Int+4}
MPRegen 0.23/turn               J - +4 ring of slaying

@: flying, studying Necromancy
A: sickness immunity, AC +20, big wings, negative energy resistance 1,
electricity resistance, torment resistance 1, petrification resistance, talons
1, iridescent scales 1, deterioration 1
0: Orb of Zot
}: 3/15 runes: barnacled, silver, gossamer
a: Renounce Religion, Heroism, Finesse, Duel


You escaped.
You worshipped Okawaru.
Okawaru was extremely pleased with you.
You visited 10 branches of the dungeon, and saw 48 of its levels.
You visited the Abyss 1 time.
You also visited: Trove, Sewer and Ice Cave.

You collected 8188 gold pieces.
You spent 2349 gold pieces at shops.

Inventory:

Hand Weapons
 j - a +3 eveningstar of holy wrath
 K - the +8 war axe "Loadaots" (weapon) {venom, rPois Will+}
   (You bought it in a shop on level 2 of the Orcish Mines)

   It poisons the flesh of those it strikes.
   rPois:     It protects you from poison.
   Will:      It increases your willpower.
Missiles
 c - 24 silver javelins (quivered)
 i - 10 throwing nets
Armour
 m - the +1 pair of gloves of the Dolphin (worn) {rElec Str+5}
   (Okawaru gifted it to you on level 2 of the Orcish Mines)

   Str:       It affects your strength (+5).
   rElec:     It insulates you from electricity.
 r - a +2 pair of boots of rampaging (worn)
 I - the +0 cloak of a volcano (worn) {rF+ Slay+2}
   (You found it on level 1 of the Spider Nest)

   Slay:      It affects your accuracy & damage with ranged weapons and melee
   (+2).
   rF:        It protects you from fire.
 P - the +10 crystal plate armour of Analysis (worn) {Dex+5}
   (Okawaru gifted it to you on level 5 of the Lair of Beasts)

   Dex:       It affects your dexterity (+5).
 Q - a +2 pair of boots of flying
 U - the +2 hat of Parts Unknown (worn) {rElec rF++ Int+5}
   (You found it in a treasure trove)

   Int:       It affects your intelligence (+5).
   rF:        It greatly protects you from fire.
   rElec:     It insulates you from electricity.
 W - the +6 tower shield of Intuition (worn) {rC+++ rCorr Dex-3}
   (Okawaru gifted it to you on level 2 of the Shoals)

   Dex:       It affects your dexterity (-3).
   rC:        It renders you almost immune to cold.
   rCorr:     It protects you from acid and corrosion.
Jewellery
 k - a ring of see invisible
 J - a +4 ring of slaying (right hand)
 M - the amulet of the Four Winds (around neck) {rN+ Will+++ Clar}
   (You bought it in a shop on level 4 of the Dungeon)

   [amulet of nothing]

   rN:        It protects you from negative energy.
   Clar:      It protects you against confusion.
   Will:      It greatly increases your willpower.
 S - the ring "Suhiwn" (left hand) {rF+ rN+ Int+4}
   (You found it on level 4 of the Shoals)

   [ring of positive energy]

   Int:       It affects your intelligence (+4).
   rF:        It protects you from fire.
   rN:        It protects you from negative energy.
 Y - a ring of resist corrosion
Wands
 f - a wand of iceblast (35)
 t - a wand of digging (24)
 u - a wand of flame (59)
 D - a wand of quicksilver (9)
 E - a wand of paralysis (21)
 N - a wand of polymorph (26)
 R - a wand of mindburst (25)
Scrolls
 a - 7 scrolls of enchant weapon
 b - 5 scrolls of magic mapping
 h - 4 scrolls of amnesia
 l - 19 scrolls of teleportation
 s - 7 scrolls of enchant armour
 y - 6 scrolls of immolation
 B - 4 scrolls of fear
 H - 9 scrolls of blinking
 O - 4 scrolls of silence
 V - 8 scrolls of poison
Potions
 d - 12 potions of might
 e - 9 potions of lignification
 g - 4 potions of invisibility
 n - a potion of brilliance
 p - 9 potions of cancellation
 q - 26 potions of curing
 v - 4 potions of haste
 w - 19 potions of ambrosia
 x - 2 potions of resistance
 z - 4 potions of berserk rage
 C - 3 potions of magic
 F - 3 potions of mutation
 G - 9 potions of heal wounds
Miscellaneous
 o - a tin of tremorstones (2/2)
 L - a condenser vane
 Z - a phial of floods


   Skills:
 * Level 25.8 Fighting
 - Level 13.2(16.0) Axes
 - Level 16.0(18.1) Maces & Flails
 * Level 12.8 Throwing
 - Level 23.6 Armour
 - Level 5.0 Dodging
 - Level 23.7 Shields
 - Level 13.0 Invocations
 - Level 15.0 Evocations


You had 26 spell levels left.
You didn't know any spells.
Your spell library contained the following spells:

 Spells                   Type           Power      Damage    Failure   Level
 Apportation              Tloc           0%         N/A       82%         1
 Necrotise                Necr           0%         1d4       82%         1
 Sandblast                Erth           0%         2d4       82%         1
 Shock                    Conj/Air       0%         1d3       82%         1
 Sting                    Tmut/Pois      0%         1d3       82%         1
 Blink                    Tloc           0%         N/A       91%         2
 Ensorcelled Hibernation  Hex/Ice        0%         N/A       91%         2
 Passwall                 Tmut/Erth      0%         N/A       91%         2
 Poisonous Vapours        Pois/Air       0%         N/A       91%         2
 Conjure Flame            Conj/Fire      0%         6-21      99%         3
 Dazzling Flash           Conj/Hex       0%         N/A       99%         3
 Gell's Gravitas          Tloc           0%         N/A       99%         3
 Ignite Poison            Fire/Tmut/Pois 0%         N/A       99%         3
 Inner Flame              Hex/Fire       0%         N/A       99%         3
 Lesser Beckoning         Tloc           0%         N/A       99%         3
 Mephitic Cloud           Conj/Pois/Air  0%         N/A       99%         3
 Ozocubu's Armour         Ice            0%         N/A       99%         3
 Portal Projectile        Hex/Tloc       0%         N/A       99%         3
 Spider Form              Tmut/Pois      0%         N/A       99%         3
 Stone Arrow              Conj/Erth      0%         3d7       99%         3
 Swiftness                Air            0%         N/A       99%         3
 Teleport Other           Tloc           0%         N/A       99%         3
 Vampiric Draining        Necr           0%         2d6       99%         3
 Airstrike                Air            0%         2d(0-16)  100%        4
 Anguish                  Hex/Necr       0%         N/A       100%        4
 Corpse Rot               Necr/Pois/Air  0%         N/A       100%        4
 Flame Wave               Conj/Fire      0%         2d4       100%        4
 Hailstorm                Conj/Ice       0%         3d3       100%        4
 Leda's Liquefaction      Hex/Erth       0%         N/A       100%        4
 Olgreb's Toxic Radiance  Pois           0%         N/A       100%        4
 Passage of Golubria      Tloc           0%         N/A       100%        4
 Petrify                  Tmut/Erth      0%         N/A       100%        4
 Sticky Flame             Conj/Fire      0%         2d3       100%        4
 Agony                    Necr           0%         N/A       100%        5
 Alistair's Intoxication  Tmut/Pois      0%         N/A       100%        5
 Blade Hands              Tmut           0%         N/A       100%        5
 Borgnjor's Vile Clutch   Necr/Erth      0%         N/A       100%        5
 Fireball                 Conj/Fire      0%         3d3       100%        5
 Freezing Cloud           Conj/Ice/Air   0%         6-21      100%        5
 Irradiate                Conj/Tmut      0%         3d11      100%        5
 Iskenderun's Battlesphe  Conj           0%         2d6       100%        5
 Manifold Assault         Tloc           0%         N/A       100%        5
 Metabolic Englaciation   Hex/Ice        0%         N/A       100%        5
 Silence                  Hex/Air        0%         N/A       100%        5
 Yara's Violent Unravell  Hex/Tmut       0%         3d3       100%        5
 Dispersal                Tloc           0%         N/A       100%        6
 Eringya's Noxious Bog    Tmut/Pois      0%         N/A       100%        6
 Iron Shot                Conj/Erth      0%         9d1       100%        6
 Starburst                Conj/Fire      0%         6d3       100%        6
 Dragon Form              Tmut           0%         N/A       100%        7
 Ozocubu's Refrigeration  Ice            0%         4d7       100%        7
 Storm Form               Tmut/Air       0%         N/A       100%        7
 Borgnjor's Revivificati  Necr           0%         N/A       100%        8
 Ignition                 Fire           0%         3d3       100%        8
 Maxwell's Capacitive Co  Air            0%         ∞         100%        8
 Necromutation            Tmut/Necr      0%         N/A       100%        8
 Death's Door             Necr           0%         N/A       100%        9
 Polar Vortex             Ice            0%         N/A       100%        9
 Summon Small Mammal      Summ           Unusable   N/A       N/A         1
 Call Canine Familiar     Summ           Unusable   N/A       N/A         3
 Summon Guardian Golem    Hex/Summ       Unusable   N/A       N/A         3
 Tukima's Dance           Hex            Unusable   N/A       N/A         3
 Animate Dead             Necr           Unusable   N/A       N/A         4
 Summon Lightning Spire   Summ/Air       Unusable   N/A       N/A         4
 Summon Forest            Summ/Tloc      Unusable   N/A       N/A         5
 Death Channel            Necr           Unusable   N/A       N/A         6
 Simulacrum               Ice/Necr       Unusable   N/A       N/A         6
 Statue Form              Tmut/Erth      Unusable   N/A       N/A         6
 Spellforged Servitor     Conj/Summ      Unusable   N/A       N/A         7

Dungeon Overview and Level Annotations

Branches:
Dungeon (15/15)            Temple (1/1) D:4            Lair (5/5) D:11
 Shoals (4/4) Lair:2       Spider (4/4) Lair:3        Slime (0/5) Lair:5
    Orc (2/2) D:12            Elf (3/3) Orc:2        Vaults (5/5) D:13
  Crypt (0/3) Vaults:2     Depths (4/4) D:15            Zot (5/5) Depths:4
  Sewer (visited)           IceCv (visited)

Altars:
Ashenzari
Cheibriados
Dithmenos
Elyvilon
Fedhas
Gozag
Hepliaklqana
Kikubaaqudgha
Makhleb
Nemelex Xobeh
Okawaru
Qazlal
Ru
Sif Muna
Trog
Uskayaw
Vehumet
Wu Jian
Xom
Yredelemnul
Zin
The Shining One
Jiyva

Shops:
D:4 =((*(   D:6 (*=   D:8 *   D:12 =   Orc:1 !   Orc:2 *![(   Shoals:2 ?
Depths:2 *

Portals:
Hell: Depths:1 Depths:2 Depths:3 Depths:4
Abyss: Depths:3 Depths:4
Pandemonium: Depths:2 Depths:4
Ziggurat: Depths:3

Annotations:
Lair:1 exclusion: 3 oklob plants
Lair:5 exclusion: oklob plant
Spider:2 exclusion: orb spider
Vaults:4 2 transporters, exclusion: orange crystal statue
Depths:2 2 transporters
Zot:5 1 exclusion, Boris


Innate Abilities, Weirdness & Mutations

You are immune to sickness and miasma.
Your stone body is resilient. (AC +20)
You are immune to poison.
Your large and strong wings let you fly.
You resist negative energy. (rN+)
You are resistant to electric shocks. (rElec)
You are resistant to unholy torment.
You are immune to petrification.
You have sharp toenails.
You are partially covered in iridescent scales. (AC +2)
Your body sometimes deteriorates upon taking damage.


Message History

(Z) Zot
Where to? (Enter - D:1 @ (x,y), ? - help)
You see here a +0 club.
A blizzard demon comes into view.
The blizzard demon shouts!
The blizzard demon hits you but does no damage.
You block the blizzard demon's attack.
You hit the blizzard demon but do no damage.
You carve the blizzard demon like a ham!!!
The blizzard demon is heavily wounded.
The blizzard demon waves its arms in wide circles.
The air twists around and strikes you.
You hit the blizzard demon but do no damage.
The blizzard demon is heavily wounded.
The blizzard demon gestures at you.
The freezing blast engulfs you but does no damage.
You hit the blizzard demon.
The blizzard demon is severely wounded.
You are engulfed in freezing vapours.
You resist.
The blizzard demon is engulfed in freezing vapours.
You block the blizzard demon's attack. x2
You closely miss the blizzard demon.
The blizzard demon is severely wounded.
You are engulfed in freezing vapours.
You resist.
The blizzard demon is engulfed in freezing vapours.
The blizzard demon barely misses you. You block the blizzard demon's attack.
You slice the blizzard demon!!
You kill the blizzard demon!
Okawaru accepts your kill.
Really fly into that cloud of freezing vapour?
You are engulfed in freezing vapours.
You resist.
You are engulfed in freezing vapours.
You resist.
(D) Dungeon (T) Temple (L) Lair (A) Shoals (N) Spider Nest (M) Slime Pits (O) Orcish Mines (E) Elven Halls (V) Vaults (C) Crypt (U) Depths (H) Hell (Z) Zot
Where to? (Enter - D:1 @ (x,y), ? - help) HP restored.
There is a staircase leading out of the dungeon here.
You have escaped!

#.# ############.#.#
#.###P~~≈≈≈≈≈≈~P.#.#
#######.....P~~≈≈≈~~P.##.#
.............P~≈≈~~P..##.#
########.##...P~~~P...##.#
#.##....P~P....##.#
#.##.....P.....##.#
#.##...........##.#
#........@........# #
#..............#..#
########..#.....P........#
.##.......#....P~P....####
..#.#####.#...P~≈~P...#
.##.# #.#..P≈~≈~~P..#
###.# #.#.P~~~~~~≈P.# #
#.# #.#P≈~≈≈≈≈≈≈≈P# ###.#
#.#############


There were no monsters in sight!

Vanquished Creatures
  A dread lich (Zot:5)
  3 ancient liches
  Mennas (Depths:4)
  9 orbs of fire
  Josephina (Depths:2)
  Boris (Depths:3)
  4 Killer Klowns
  Margery (Arena)
  2 curse toes (Zot:5)
  Xtahua (Depths:4)
  A caustic shrike (Depths:3)
  9 golden dragons
  Nikola (Vaults:3)
  2 bone dragons
  Arachne (Spider:2)
  3 electric golems
  15 tentacled monstrosities
  An Ice Fiend (Zot:1)
  25 Orb Guardians (Zot:5)
  2 liches
  5 titans
  8 quicksilver dragons
  3 deep elf blademasters
  A walking frostbound tome (Depths:3)
  2 krakens
  2 deep elf master archers (Elf:3)
  2 tentacled starspawn (Abyss:4)
  Polyphemus (Shoals:4)
  11 death cobs
  Gastronok (Lair:2)
  7 sphinxes
  6 tengu reavers
  18 storm dragons
  5 draconian monks
  14 shadow dragons
  Ilsuiw (Shoals:3)
  9 emperor scorpions
  Donald (Spider:2)
  14 deep elf sorcerers
  8 fire giants
  8 draconian knights
  6 orc warlords
  An iron dragon (Depths:4)
  10 frost giants
  10 draconian scorchers
  10 ghost moths
  Louise (Shoals:1)
  A cacodemon (Depths:4)
  The ghost of nshep25 the Executioner, a journeyman MiFi of Gozag (Orc:2)
  20 vault wardens
  12 draconian shifters
  5 draconian annihilators
  6 deep elf elementalists
  5 draconian stormcallers
  25 ironbound preservers
  A broodmother (Spider:3)
  11 stone giants
  2 war gargoyles
  10 green draconians
  12 very ugly things
  Azrael (Elf:1)
  A vampire knight (Depths:1)
  5 ironbound thunderhulks
  4 deep elf demonologists
  22 black draconians
  8 entropy weavers
  18 purple draconians
  14 deep elf annihilators
  17 red draconians
  9 white draconians
  14 dire elephants
  14 yellow draconians
  5 deep elf death magi
  12 ettins
  4 blizzard demons
  14 merfolk impalers
  3 crystal guardians
  A fire dragon (shapeshifter) (Vaults:5)
  17 yaktaur captains
  8 great orbs of eyes
  4 merfolk javelineers
  A quicksilver dragon zombie (Abyss:4)
  A green death (Abyss:4)
  The ghost of 0gre the Blocker, a journeyman GnIE of Hepliaklqana (Lair:3)
  12 ice dragons
  7 fire dragons
  13 deep elf high priests
  40 vault guards
  The ghost of LSBTYRONELSB the Basher, a journeyman FoFi of Okawaru (D:11)
  9 boulder beetles
  6 hydras
  5 ogre magi
  3 peacekeepers
  2 caustic shrike simulacra (IceCv)
  2 jorogumos
  A rakshasa (Depths:1)
  4 merfolk avatars
  4 radroaches
  2 catoblepae
  9 ironbound frosthearts
  11 merfolk aquamancers
  22 two-headed ogres
  3 spriggan air magi
  A two-headed ogre (shapeshifter) (Vaults:5)
  3 satyrs
  24 dancing weapons
  10 centaur warriors
  A death knight (D:14)
  A death scarab (Spider:3)
  A tengu warrior (Depths:1)
  An alligator (Lair:3)
  A deep troll shaman (Lair:5)
  4 deep troll earth magi
  The ghost of AM7 the Chopper, a novice DgFi (D:8)
  19 death yaks
  2 thrashing horrors (Abyss:4)
  Urug (D:10)
  A titan zombie (Depths:3)
  25 hell knights
  4 spriggan berserkers
  Sonja (D:12)
  19 deep elf knights
  4 sun demons
  2 sun moths (Spider:4)
  6 pharaoh ants
  A sixfirhy (D:9)
  A death drake (Zot:1)
  A golden dragon zombie (Depths:3)
  4 glowing orange brains
  A shadow dragon zombie (Depths:3)
  A skeletal warrior (D:14)
  Lodul (D:13)
  14 starcursed masses (Abyss:4)
  53 deep trolls
  An obsidian statue (IceCv)
  A bog body (IceCv)
  15 orb spiders
  An orange crystal statue (Vaults:1)
  17 deep elf archers
  16 sea snakes
  6 steelbarb worms
  15 ironbound convokers
  11 spriggan simulacra (IceCv)
  6 wizards
  36 deep elf pyromancers
  3 phantasmal warriors (Vaults:5)
  A lindwurm (shapeshifter) (Depths:4)
  16 orc knights
  18 harpies
  A sphinx zombie (Vaults:4)
  A mana viper (shapeshifter) (Vaults:5)
  12 necromancers
  28 wolf spiders
  26 deep elf zephyrmancers
  13 manticores
  10 fauns
  9 cyclopes
  26 ugly things
  A salamander (shapeshifter) (Depths:4)
  7 merfolk sirens
  13 elephants (Lair:5)
  38 moths of wrath
  6 black mambas
  8 torpor snails
  A rust devil (Depths:2)
  15 vault sentinels
  A human skeleton (Vaults:4)
  4 gargoyles
  7 water nymphs
  3 smoke demons
  An eye of devastation (shapeshifter) (Elf:2)
  An orange demon (Depths:4)
  10 cane toads
  4 rime drakes
  Psyche (D:12)
  A hellion (Zot:3)
  2 unseen horrors
  7 demonic crawlers
  24 yaktaurs
  An ancient zyme (Abyss:4)
  A hellwing (Depths:2)
  4 tengu conjurers
  2 freezing wraiths
  A kobold demonologist (D:14)
  An anaconda simulacrum (IceCv)
  5 komodo dragons
  10 ice devils
  2 tormentors
  3 meliai (Spider:3)
  A queen bee (shapeshifter) (D:14)
  5 polar bears
  3 red devils
  6 trolls
  5 large abominations (Abyss:4)
  59 merfolk
  A queen bee (Lair:3)
  4 wind drakes
  A hornet (shapeshifter) (Vaults:5)
  11 blink frogs
  24 tarantellas
  A fire giant simulacrum (Depths:2)
  2 dream sheep (shapeshifter)
  9 dream sheep
  4 raiju (Abyss:4)
  A raiju (shapeshifter) (Vaults:5)
  7 hornets
  35 slime creatures
  A frost giant simulacrum (Depths:2)
  34 jumping spiders
  An ettin skeleton (Vaults:4)
  2 culicivoras (shapeshifter)
  10 snapping turtles
  A dire elephant simulacrum (IceCv)
  25 water elementals
  4 air elementals (Elf:2)
  A vampire (D:12)
  5 spriggans
  5 wyverns
  22 culicivoras
  6 wraiths
  46 yaks
  A wyvern (shapeshifter) (Zot:1)
  2 ynoxinuls
  18 vampire mosquitoes
  5 basilisks
  A human (D:13)
  4 fire elementals
  40 redbacks
  A chaos spawn (Depths:2)
  A neqoxec (Abyss:4)
  7 steam dragons
  8 minotaur simulacra (IceCv)
  A warg (shapeshifter) (Vaults:5)
  3 wargs (D:11)
  2 acid dragons
  2 harpy simulacra (IceCv)
  A glowing shapeshifter skeleton (Depths:3)
  12 water moccasins
  2 floating eyes
  A hydra simulacrum (IceCv)
  6 hell hounds (Elf:1)
  2 ice beasts
  31 orc warriors
  3 black bears
  6 sky beasts
  Pargi (Sewer)
  An alligator simulacrum (IceCv)
  An ettin simulacrum (IceCv)
  44 ogres
  10 wolves
  9 centaurs
  2 kobold brigands
  8 bullfrogs
  3 human simulacra (Depths:2)
  8 deep troll simulacra (IceCv)
  A glowing shapeshifter simulacrum (Depths:3)
  4 necrophages
  2 earth elementals (Elf:1)
  5 scorpions
  4 small abominations (Abyss:4)
  12 wights
  3 lindwurm simulacra (IceCv)
  31 killer bees
  2 vampire bats (Lair:1)
  5 howler monkeys
  The ghost of zeram the Shield-Bearer, a weakling GrFi (D:3)
  10 electric eels
  4 crimson imps (D:3)
  A lava snake (Lair:4)
  2 hounds
  2 jellies
  A quasit (Abyss:4)
  16 orc priests
  5 iguanas
  35 orc wizards
  Robin (D:2)
  9 gnolls
  14 adders
  2 river rats (D:6)
  An adder zombie (D:4)
  A worm (D:6)
  4 dart slugs (D:1)
  86 orcs
  3 endoplasms
  2 giant cockroaches
  26 goblins
  10 hobgoblins
  17 jackals
  2 quokkas (D:4)
  4 ball pythons
  13 bats
  3 frilled lizards
  14 kobolds
  A quokka zombie (D:4)
  4 rats
  A spectral kobold (D:1)
  A starspawn tentacle (Abyss:4)
  3 tentacles
2354 creatures vanquished.

Vanquished Creatures (others)
  A draconian knight (Zot:1)
  An ogre mage (D:13)
  2 deep elf knights (Elf:2)
  A deep troll (Vaults:3)
  A wizard (Vaults:4)
  A harpy (Shoals:4)
  2 deep elf zephyrmancers (Elf:1)
  A tormentor (Depths:4)
  3 orc wizards
  A bush (Lair:3)
  14 fungi
  128 plants
  A starspawn tentacle (Abyss:4)
  23 tentacles
180 creatures vanquished.

Grand Total: 2534 creatures vanquished

Notes
Turn   | Place    | Note
-------+----------+-------------------------------------------
     0 | D:1      | Mitcholas the Gargoyle Fighter began the quest for the Orb.
     0 | D:1      | Reached XP level 1. HP: 14/14 MP: 1/1
   193 | D:1      | Reached XP level 2. HP: 19/19 MP: 2/2
   359 | D:1      | Found a faded altar of an unknown god.
   599 | D:1      | Reached XP level 3. HP: 23/23 MP: 3/3
   897 | D:2      | Noticed Robin
  1105 | D:2      | Killed Robin
  1106 | D:2      | Reached XP level 4. HP: 11/28 MP: 4/4
  2055 | D:3      | Found a runed translucent door.
  2055 | D:3      | Noticed zeram's ghost (weakling GrFi)
  2073 | D:3      | Reached skill level 5 in Maces & Flails
  2073 | D:3      | Reached XP level 5. HP: 32/32 MP: 5/5
  2269 | D:3      | Noticed an ogre
  2421 | D:3      | Killed an ogre
  2619 | D:3      | Reached XP level 6. HP: 28/37 MP: 6/6
  2866 | D:3      | Found a shimmering altar of Xom.
  3137 | D:4      | Found Demiofov's Antique Weapon Boutique.
  3448 | D:4      | Reached XP level 7. HP: 29/41 MP: 7/7
  3615 | D:4      | Found Asutt's Weapon Boutique.
  3687 | D:4      | Found Kuid's Assorted Antiques.
  4018 | D:4      | Found a staircase to the Ecumenical Temple.
  4040 | Temple   | Entered the Ecumenical Temple
  4128 | Temple   | Became a worshipper of Warmaster Okawaru
  4353 | D:4      | Found Olluph's Weapon Boutique.
  4486 | D:4      | Found Posab's Jewellery Emporium.
  4606 | D:4      | Found a burning altar of Makhleb.
  4723 | D:4      | Found a basalt altar of Yredelemnul.
  4827 | D:5      | Entered Level 5 of the Dungeon
  5301 | D:5      | Reached skill level 1 in Invocations
  5324 | D:4      | Reached XP level 8. HP: 32/48 MP: 8/8
  5818 | D:5      | Reached * piety under Okawaru
  5881 | D:5      | Reached skill level 4 in Fighting
  6238 | D:6      | Found a glowing drain.
  6242 | Sewer    | Entered a sewer
  6377 | Sewer    | Noticed Pargi
  6389 | Sewer    | Killed Pargi
  6907 | D:6      | Found Junetwod's Weapon Shop.
  6918 | D:6      | Bought a +0 morningstar of freezing for 92 gold pieces
  7125 | D:6      | Found Ojogik's Assorted Antiques.
  7252 | D:6      | Found Qoemnudghua's Jewellery Emporium.
  7609 | D:7      | Reached ** piety under Okawaru
  7662 | D:7      | Reached XP level 9. HP: 49/53 MP: 11/11
  7692 | D:7      | Reached skill level 5 in Shields
  7725 | D:7      | Reached skill level 5 in Fighting
  7725 | D:7      | Reached skill level 5 in Armour
  7972 | D:7      | Found a snail-covered altar of Cheibriados.
  7972 | D:7      | Found an ancient bone altar of Kikubaaqudgha.
  8168 | D:7      | Reached skill level 10 in Maces & Flails
  8203 | D:7      | Reached *** piety under Okawaru
  8242 | D:7      | Noticed a gargoyle
  8264 | D:7      | Killed a gargoyle
  8449 | D:7      | Noticed a cyclops
  8486 | D:7      | Killed a cyclops
  8486 | D:7      | Reached **** piety under Okawaru
  8486 | D:7      | Received a gift from Okawaru
  8487 | D:7      | Reached skill level 6 in Fighting
  8487 | D:7      | Reached XP level 10. HP: 60/60 MP: 13/13
  8867 | D:7      | Noticed a gargoyle
  8872 | D:7      | Killed a gargoyle
  8873 | D:7      | Reached skill level 5 in Invocations
  8889 | D:7      | Reached skill level 1 in Dodging
  9166 | D:7      | Killed an unseen horror
  9447 | D:8      | Killed an unseen horror
 10018 | D:8      | Found Ymol's Assorted Antiques.
 10156 | D:8      | Identified the +1 dagger of the Sheltering Gods {pain,
                  | Str+2}
 10218 | D:8      | Found a runed translucent door.
 10220 | D:8      | Noticed AM7's ghost (novice DgFi)
 10235 | D:8      | Identified the +6 trident of Sulphur {antimagic, rF++ Will-
                  | Int+2}
 10347 | D:8      | Received a gift from Okawaru
 10347 | D:8      | Reached ***** piety under Okawaru
 10475 | D:8      | Noticed a gargoyle
 10542 | D:8      | Killed a gargoyle
 10543 | D:8      | Reached skill level 7 in Fighting
 11137 | D:9      | Reached XP level 11. HP: 56/67 MP: 11/15
 11688 | D:9      | Identified the +1 pair of gloves of Lucidity {*Corrode rN++
                  | Str+7}
 11937 | D:9      | Found a hazy altar of Hepliaklqana.
 11972 | D:9      | Noticed a centaur warrior
 12034 | D:9      | Received a gift from Okawaru
 12272 | D:9      | Identified the +10 rapier of Tension {flame, rElec}
 12491 | D:10     | Entered Level 10 of the Dungeon
 13041 | D:10     | Noticed Urug
 13069 | D:10     | Killed Urug
 13245 | D:10     | Found a portal to a secret trove of treasure.
 13264 | D:10     | Reached skill level 8 in Fighting
 13400 | D:10     | Noticed a two-headed ogre
 13416 | D:10     | Killed a two-headed ogre
 13416 | D:10     | Identified the +0 pair of gloves "Jodestra" {rN+ Str+3}
                  | (Okawaru gifted it to you on level 10 of the Dungeon)
 13416 | D:10     | Received a gift from Okawaru
 13718 | D:4      | Bought a scroll of blinking for 165 gold pieces
 13864 | D:3      | Killed zeram's ghost
 14161 | D:10     | You paid a toll of 5 scrolls of blinking to enter a
                  | treasure trove
 14162 | Trove    | Entered a treasure trove
 14169 | Trove    | Identified the +0 helmet of the Kangaroo {rC+ Str+3 Int+5}
 14172 | Trove    | Found the +3 hat of Pondering {ponderous, Will+ MP+10
                  | Int+5}
 14175 | Trove    | Identified the +3 ring mail of Beogh's Delight {rN++ MP-9}
 14176 | Trove    | Identified the +0 pair of boots of the Charming Gods {*Slow
                  | rPois rC+}
 14194 | Trove    | Identified the +6 chain mail of the Baker {rPois rF+ Str+4
                  | Dex+3}
 14196 | Trove    | Identified the +4 ring mail of Boredom {Int+3 Slay+2}
 14204 | Trove    | Identified the +2 hat of Parts Unknown {rElec rF++ Int+5}
 14468 | D:10     | Found a blossoming altar of Fedhas.
 14541 | D:11     | Noticed a six-headed hydra
 14547 | D:10     | Killed a six-headed hydra
 14623 | D:11     | Noticed a two-headed ogre
 14633 | D:11     | Killed a two-headed ogre
 14634 | D:11     | Reached XP level 12. HP: 74/74 MP: 14/17
 14659 | D:11     | Found a staircase to the Lair.
 14745 | D:11     | You are sucked into a shaft and drop 3 floors!
 14750 | D:14     | Noticed a two-headed ogre
 14752 | D:14     | Noticed a two-headed ogre
 14752 | D:14     | Noticed a two-headed ogre
 14763 | D:13     | Found a blossoming altar of Fedhas.
 14894 | D:11     | Found a runed translucent gate.
 14894 | D:11     | Found a runed translucent gate.
 14897 | D:11     | Found a runed translucent gate.
 14897 | D:11     | Noticed LSBTYRONELSB's ghost (journeyman FoFi)
 14901 | D:11     | Found a viscous altar of Jiyva.
 15368 | Lair:1   | Entered Level 1 of the Lair of Beasts
 16451 | Lair:2   | Found a staircase to the Shoals.
 16736 | Lair:2   | Noticed Gastronok
 16776 | Lair:2   | Killed Gastronok
 16777 | Lair:2   | Reached skill level 9 in Fighting
 16937 | Lair:2   | Noticed a seven-headed hydra
 16953 | Lair:2   | Killed a seven-headed hydra
 17786 | Lair:3   | Received a gift from Okawaru
 18121 | Lair:3   | Reached XP level 13. HP: 80/80 MP: 19/19
 18140 | Lair:3   | Found a transporter.
 18150 | Lair:3   | Noticed 0gre's ghost (journeyman GnIE)
 18153 | Lair:3   | Found a transporter.
 18673 | Lair:3   | Found a hole to the Spider Nest.
 19939 | Lair:4   | You are sucked into a shaft and drop 1 floor!
 19939 | Lair:5   | Entered Level 5 of the Lair of Beasts
 19965 | Lair:5   | Reached skill level 10 in Armour
 19965 | Lair:5   | Reached skill level 10 in Shields
 19985 | Lair:5   | Reached skill level 10 in Fighting
 20491 | Lair:4   | Received a gift from Okawaru
 20947 | D:4      | Bought the amulet of the Four Winds {rN+ Will+++ Clar} for
                  | 667 gold pieces
 20947 | D:4      | Found the amulet of the Four Winds {rN+ Will+++ Clar}
 21351 | Lair:4   | Reached skill level 15 in Maces & Flails
 21653 | Lair:5   | Reached skill level 10 in Invocations
 21910 | Lair:5   | Received a gift from Okawaru
 21911 | Lair:5   | Gained mutation: Your large and strong wings let you fly.
                  | [Gargoyle growth]
 21911 | Lair:5   | Reached XP level 14. HP: 81/88 MP: 21/21
 21998 | Lair:5   | Reached skill level 11 in Fighting
 22279 | Lair:5   | Found a staircase to the Slime Pits.
 22536 | Lair:5   | Reached skill level 1 in Evocations
 22807 | Lair:5   | Reached ****** piety under Okawaru
 22807 | Lair:5   | Identified the +10 crystal plate armour of Analysis {Dex+5}
                  | (Okawaru gifted it to you on level 5 of the Lair of Beasts)
 22807 | Lair:5   | Received a gift from Okawaru
 23080 | Lair:5   | Reached skill level 12 in Fighting
 23750 | D:12     | Found a staircase to the Orcish Mines.
 24198 | D:6      | Bought a slimy mace for 208 gold pieces
 24198 | D:6      | Identified the +5 mace of Ynoi {elec, +Blink Will+ Str+2}
                  | (You bought it in a shop on level 6 of the Dungeon)
 24723 | D:12     | Noticed Psyche
 24734 | D:12     | Killed Psyche
 24864 | D:12     | Found Opuclimo's Jewellery Emporium.
 24974 | Orc:1    | Entered Level 1 of the Orcish Mines
 24974 | Orc:1    | Found a radiant altar of Vehumet.
 25007 | Orc:1    | Noticed Sonja
 25422 | D:12     | Killed Sonja
 25600 | Orc:1    | Noticed an orc warlord
 25972 | Orc:1    | Killed an orc warlord
 26109 | D:12     | Reached skill level 5 in Evocations
 26444 | Orc:1    | Found Nomar's Distillery.
 26582 | Orc:2    | Entered Level 2 of the Orcish Mines
 26768 | Orc:2    | Noticed an orc warlord
 26776 | Orc:1    | Reached XP level 15. HP: 69/97 MP: 19/22
 26994 | Orc:2    | Identified the +1 pair of gloves of the Dolphin {rElec
                  | Str+5} (Okawaru gifted it to you on level 2 of the Orcish
                  | Mines)
 26994 | Orc:2    | Received a gift from Okawaru
 27016 | Orc:2    | Found a staircase to the Elven Halls.
 27126 | Orc:1    | Killed an orc warlord
 27127 | Orc:1    | Reached skill level 13 in Fighting
 27522 | Orc:2    | Found a runed translucent door.
 27523 | Orc:2    | Noticed nshep25's ghost (journeyman MiFi)
 28243 | Orc:2    | Found Wozoynot's General Store.
 28243 | Orc:2    | Found Kautzi's Armour Emporium.
 28244 | Orc:2    | Found Ebyinogy's Distillery.
 28244 | Orc:2    | Found Uwuesmi's Weapon Shop.
 28519 | Orc:2    | Bought the +8 war axe "Loadaots" {venom, rPois Will+} for
                  | 1037 gold pieces
 28762 | Spider:1 | Entered Level 1 of the Spider Nest
 28841 | Spider:1 | Reached skill level 1 in Axes
 29212 | Lair:3   | Received a gift from Okawaru
 30044 | Spider:1 | Found the +5 robe of Night {Dark Will+ SInv}
 30073 | Spider:1 | Identified the +0 cloak of a volcano {rF+ Slay+2}
 30835 | Spider:2 | Killed a ghost moth
 30920 | Spider:2 | Reached XP level 16. HP: 79/105 MP: 15/23
 31059 | Spider:2 | Noticed Donald
 31313 | Spider:2 | Killed Donald
 31797 | Spider:2 | Noticed Arachne
 31851 | Spider:2 | Killed Arachne
 31852 | Spider:2 | Reached skill level 14 in Fighting
 31973 | Spider:2 | Reached skill level 5 in Axes
 32113 | Spider:2 | Reached skill level 5 in Dodging
 32625 | Spider:3 | Identified the +1 robe of Rationality {Rampage rF+ Regen+}
                  | (Okawaru gifted it to you on level 3 of the Spider Nest)
 32625 | Spider:3 | Received a gift from Okawaru
 34403 | Spider:4 | Entered Level 4 of the Spider Nest
 35611 | Spider:4 | Received a gift from Okawaru
 35769 | Spider:4 | Reached XP level 17. HP: 88/112 MP: 25/25
 37165 | Spider:4 | Reached skill level 15 in Fighting
 37656 | Spider:4 | Received a gift from Okawaru
 38166 | Spider:4 | Received a gift from Okawaru
 38313 | Spider:4 | Identified the +0 hat of Galaej {rPois}
 38445 | Spider:4 | Got a gossamer rune of Zot
 38696 | Shoals:1 | Entered Level 1 of the Shoals
 39873 | Shoals:2 | Found Jujufeji's Magic Scroll Boutique.
 39920 | Shoals:2 | Identified the +10 short sword "Fialeor" {drain, *Rage rC+
                  | Str+3 SInv}
 40139 | Shoals:2 | Noticed Louise
 40167 | Shoals:1 | Killed Louise
 40198 | Shoals:2 | Identified the +5 halberd "Lehoru" {distort, rPois Str-5
                  | Dex+3} (Okawaru gifted it to you on level 2 of the Shoals)
 40198 | Shoals:2 | Received a gift from Okawaru
 40254 | Shoals:2 | Reached skill level 10 in Axes
 40976 | Shoals:2 | Noticed a kraken
 40986 | Shoals:2 | Killed a kraken
 41284 | Shoals:2 | Identified the +6 tower shield of Intuition {rC+++ rCorr
                  | Dex-3} (Okawaru gifted it to you on level 2 of the Shoals)
 41284 | Shoals:2 | Received a gift from Okawaru
 41285 | Shoals:2 | Reached XP level 18. HP: 114/120 MP: 27/27
 41992 | Shoals:3 | Noticed Ilsuiw
 42296 | Shoals:3 | Killed Ilsuiw
 42881 | Shoals:3 | Reached skill level 16 in Fighting
 44240 | Shoals:4 | Entered Level 4 of the Shoals
 44852 | Shoals:4 | Received a gift from Okawaru
 45021 | Shoals:4 | Got a barnacled rune of Zot
 45566 | Shoals:4 | Noticed Polyphemus
 45581 | Shoals:4 | Killed Polyphemus
 45603 | Shoals:4 | Received a gift from Okawaru
 45880 | Shoals:4 | Identified the ring "Suhiwn" {rF+ rN+ Int+4}
 46065 | Shoals:4 | Reached XP level 19. HP: 127/127 MP: 28/28
 46821 | D:8      | Bought a scroll of blinking for 180 gold pieces
 46996 | Elf:1    | Entered Level 1 of the Elven Halls
 47844 | Elf:1    | Noticed Azrael
 47856 | Elf:1    | Killed Azrael
 47968 | Elf:1    | Identified the +7 short sword "Ikkarurea" {freeze, SInv}
 48372 | Elf:1    | Reached skill level 17 in Fighting
 48499 | Elf:1    | Got Sif Muna's Guidebook on Supportive Battle Magic
 48728 | Elf:2    | Reached skill level 15 in Armour
 48899 | Elf:2    | Paralysed by an air elemental for 1 turns
 49201 | Elf:2    | Paralysed by an air elemental for 1 turns
 49679 | Elf:2    | Received a gift from Okawaru
 49820 | Elf:2    | Paralysed by an air elemental for 1 turns
 49912 | Elf:2    | Found a huge runed translucent gate.
 49912 | Elf:2    | Found a huge runed translucent gate.
 49912 | Elf:2    | Found a huge runed translucent gate.
 49912 | Elf:2    | Found a huge runed translucent gate.
 49915 | Elf:2    | Found a huge runed translucent gate.
 50543 | Elf:2    | Identified the +2 hand axe of Guilt {vorpal, Str+4}
                  | (Okawaru gifted it to you on level 2 of the Elven Halls)
 50543 | Elf:2    | Received a gift from Okawaru
 50710 | Elf:2    | Reached XP level 20. HP: 130/136 MP: 29/29
 50820 | Elf:3    | Entered Level 3 of the Elven Halls
 51585 | Elf:2    | Reached skill level 18 in Fighting
 52836 | Elf:3    | Reached skill level 15 in Shields
 53135 | Elf:3    | Identified the +3 robe of the King of the Hill {Dex+2}
 53142 | Elf:3    | Received a gift from Okawaru
 53506 | Elf:3    | Identified the +7 scimitar of the Unliving {speed, +Blink
                  | rPois rC+ Str+5}
 53542 | Elf:3    | Identified the +5 falchion "Mewad" {vamp, Fly rC+ Will++
                  | Dex-4}
 54022 | Elf:3    | Identified the +11 long sword "Worm's Wrath" {freeze, rF++
                  | Str-4 Int+2 Stlth+}
 54810 | D:8      | Killed AM7's ghost
 54940 | D:11     | Received a gift from Okawaru
 54944 | D:11     | Killed LSBTYRONELSB's ghost
 55095 | Lair:3   | Killed 0gre's ghost
 55523 | Orc:2    | Killed nshep25's ghost
 56025 | D:13     | Found a gate to the Vaults.
 56148 | D:13     | Noticed Lodul
 56403 | D:13     | Killed Lodul
 57012 | D:14     | Received a gift from Okawaru
 57193 | D:14     | Reached skill level 19 in Fighting
 57193 | D:14     | Reached XP level 21. HP: 144/144 MP: 30/30
 57387 | D:14     | Found a broken altar of Ashenzari.
 58155 | D:15     | Entered Level 15 of the Dungeon
 58179 | D:15     | Found a frozen archway.
 58187 | IceCv    | Entered an ice cave
 59295 | IceCv    | Identified the +0 ring mail of the Tundras {rPois Int+3}
                  | (Okawaru gifted it to you in an ice cave)
 59295 | IceCv    | Received a gift from Okawaru
 60065 | D:15     | Found an ornate altar of the Wu Jian Council.
 60153 | D:15     | Found a staircase to the Depths.
 60337 | Depths:1 | Entered Level 1 of the Depths
 60759 | Depths:1 | You are sucked into a shaft and drop 1 floor!
 61365 | Depths:1 | Found a gateway to Hell.
 61501 | Depths:2 | Noticed a caustic shrike
 61523 | Depths:2 | Found a transporter.
 61544 | Depths:2 | Found a transporter.
 61687 | Depths:2 | Identified the ring of Kegumosk {Ice rPois rCorr Dex+4
                  | SInv}
 61687 | Depths:2 | Noticed Josephina
 61720 | Depths:2 | Killed Josephina
 61721 | Depths:2 | Reached skill level 10 in Evocations
 62197 | Depths:2 | Found Osueke Xigua's General Store.
 62420 | Depths:2 | Found a one-way gate leading to the halls of Pandemonium.
 62686 | Vaults:1 | Entered Level 1 of the Vaults
 63454 | Vaults:1 | Received a gift from Okawaru
 63519 | Vaults:1 | Reached XP level 22. HP: 151/151 MP: 31/31
 63695 | Vaults:1 | Identified the +2 dagger "Hily" {drain, rN+ Int-2 Dex+2}
 64677 | Vaults:2 | Reached skill level 20 in Fighting
 64800 | Vaults:2 | Identified the +2 morningstar of Harmony {venom, rF+ rC+}
                  | (Okawaru gifted it to you on level 2 of the Vaults)
 64800 | Vaults:2 | Received a gift from Okawaru
 65570 | Vaults:2 | Found a staircase to the Crypt.
 65570 | Vaults:2 | Found an ancient bone altar of Kikubaaqudgha.
 65570 | Vaults:2 | Found a basalt altar of Yredelemnul.
 65878 | Vaults:3 | Noticed Nikola
 65902 | Vaults:3 | Killed Nikola
 66139 | Vaults:3 | Received a gift from Okawaru
 66548 | Vaults:3 | Identified the +9 great sword "Rathe" {vorpal, rElec}
 66551 | Vaults:3 | Identified the +1 pair of boots of Juejac {rF+} (Okawaru
                  | gifted it to you on level 3 of the Vaults)
 66551 | Vaults:3 | Received a gift from Okawaru
 68133 | Vaults:4 | Reached XP level 23. HP: 154/158 MP: 32/32
 68503 | Vaults:4 | Reached skill level 21 in Fighting
 68923 | Vaults:4 | Found a transporter.
 68935 | Vaults:4 | Found a transporter.
 69040 | Vaults:4 | Reached skill level 1 in Throwing
 69887 | Vaults:5 | Entered Level 5 of the Vaults
 69895 | Vaults:5 | Identified the +7 chain mail "Picucrui" {Str+4 Dex+3}
                  | (Okawaru gifted it to you on level 5 of the Vaults)
 69895 | Vaults:5 | Received a gift from Okawaru
 70475 | Vaults:5 | Identified the +8 shortbow of Wiykhli {flame, rElec rPois
                  | rF+ Stlth-}
 70941 | Vaults:5 | Reached XP level 24. HP: 81/168 MP: 27/32
 70948 | Vaults:5 | Reached skill level 22 in Fighting
 71434 | Abyss:4  | Cast into level 4 of the Abyss (vault warden)
 71720 | Abyss:4  | Reached skill level 5 in Throwing
 71763 | Vaults:5 | Escaped the Abyss
 72010 | Vaults:5 | Gained mutation: You have a pair of small antennae on your
                  | head. [a shining eye]
 72013 | Vaults:5 | Gained mutation: You are clumsy. (Dex -2) [a shining eye]
 72108 | Vaults:5 | Identified the amulet of Polytheism {Faith Rampage rF- rC+
                  | Str+3 Dex+3}
 72130 | Vaults:5 | Received a gift from Okawaru
 72130 | Vaults:5 | Identified the +0 mace "Orb Guardian's Bane" {freeze,
                  | Fragile Int-3 Dex+8 Stlth+}
 72130 | Vaults:5 | Identified the ring "Pyogg" {Ice Str+2 Int+2 Dex+5 Slay+3}
 72206 | Vaults:5 | Identified the ring "Bucimun" {Will- MP+9 Str-3 Slay+4
                  | Stlth+}
 72340 | Vaults:5 | Got the Volume of Viperous Spellbinding
 72520 | Vaults:5 | Got the Spellbook of Pestilence and Guile
 72526 | Vaults:5 | Got a silver rune of Zot
 73470 | Depths:3 | Found a one-way gateway to a ziggurat.
 73500 | Depths:2 | Identified the +5 hand crossbow of Jeocviun {penet, rC+
                  | Will+ Dex+3 SInv} (Okawaru gifted it to you on level 2 of
                  | the Depths)
 73500 | Depths:2 | Received a gift from Okawaru
 73519 | Depths:3 | Noticed Boris
 73535 | Depths:3 | Killed Boris
 73543 | Depths:3 | Paralysed by a floating eye for 3 turns
 74254 | Depths:3 | Found a one-way gate to the infinite horrors of the Abyss.
 74377 | Depths:3 | Identified the +6 demon whip of Income {drain, rElec}
                  | (Okawaru gifted it to you on level 3 of the Depths)
 74377 | Depths:3 | Received a gift from Okawaru
 74704 | Depths:3 | Found the +2 hat of the Bear Spirit {Spirit, *Rage Will++}
 74705 | Depths:3 | Noticed a caustic shrike
 74706 | Depths:3 | Noticed an ancient lich
 74718 | Depths:3 | Killed a caustic shrike
 74748 | Depths:3 | Killed an ancient lich
 74757 | Depths:3 | Identified the ring of Inauxic {Fire rPois Will+ rCorr
                  | Dex+3}
 74825 | Depths:4 | Entered Level 4 of the Depths
 74910 | Depths:4 | Noticed Margery
 74916 | Arena    | Entered the Arena
 74927 | Arena    | Killed Margery
 74928 | Arena    | Reached XP level 25. HP: 171/175 MP: 27/32
 75161 | Depths:4 | Identified the +1 chain mail "Kicyuq" {Stlth+} (Okawaru
                  | gifted it to you on level 4 of the Depths)
 75161 | Depths:4 | Received a gift from Okawaru
 75183 | Depths:4 | Found an iron altar of Okawaru.
 75392 | Depths:4 | Found a sacrificial altar of Ru.
 75699 | Depths:4 | Noticed Xtahua
 75719 | Depths:4 | Killed Xtahua
 76261 | Depths:4 | Noticed Mennas
 76299 | Depths:4 | Killed Mennas
 76843 | Depths:4 | Found a gate to the Realm of Zot.
 76864 | Depths:4 | Reached skill level 23 in Fighting
 76911 | Zot:1    | Entered Level 1 of the Realm of Zot
 76912 | Zot:1    | Noticed an orb of fire
 76913 | Zot:1    | Gained mutation: Your body sometimes deteriorates upon
                  | taking damage. [an orb of fire]
 76926 | Zot:1    | Killed an orb of fire
 77645 | Zot:1    | Received a gift from Okawaru
 77906 | Zot:1    | Noticed a Killer Klown
 77928 | Zot:1    | Killed a Killer Klown
 78559 | Zot:1    | Received a gift from Okawaru
 79263 | Zot:2    | Identified the +1 executioner's axe of Gallantry {freeze,
                  | Int+3} (Okawaru gifted it to you on level 2 of the Realm of
                  | Zot)
 79263 | Zot:2    | Received a gift from Okawaru
 79327 | Zot:2    | Noticed an orb of fire
 79361 | Zot:2    | Reached XP level 26. HP: 173/183 MP: 32/32
 79773 | Zot:1    | Lost mutation: You are clumsy. (Dex -2) [potion of
                  | mutation]
 79773 | Zot:1    | Lost mutation: Your body sometimes deteriorates upon taking
                  | damage. [potion of mutation]
 79773 | Zot:1    | Gained mutation: You are strong-willed. (Will+) [potion of
                  | mutation]
 79773 | Zot:1    | Gained mutation: You have supernaturally acute eyesight.
                  | (SInv) [potion of mutation]
 80318 | Zot:2    | Gained mutation: You do not regenerate when monsters are
                  | visible. [an orb of fire]
 80335 | Zot:2    | Gained mutation: Potions are less effective at restoring
                  | your health. [an orb of fire]
 80348 | Zot:2    | Killed an orb of fire
 80386 | Zot:1    | Received a gift from Okawaru
 81459 | Zot:3    | Identified the +7 troll leather armour "Ilifor" {Fly rElec
                  | Regen+} (Okawaru gifted it to you on level 3 of the Realm
                  | of Zot)
 81459 | Zot:3    | Received a gift from Okawaru
 82403 | Zot:3    | Reached skill level 10 in Throwing
 83062 | Zot:3    | Noticed an orb of fire
 83065 | Zot:3    | Gained mutation: You are clumsy. (Dex -2) [an orb of fire]
 83069 | Zot:3    | Gained mutation: Armour fits poorly on your strangely
                  | shaped body. [an orb of fire]
 83079 | Zot:3    | Killed an orb of fire
 83272 | Zot:2    | Lost mutation: You have supernaturally acute eyesight.
                  | (SInv) [potion of mutation]
 83272 | Zot:2    | Lost mutation: Potions are less effective at restoring your
                  | health. [potion of mutation]
 83272 | Zot:2    | Lost mutation: Armour fits poorly on your strangely shaped
                  | body. [potion of mutation]
 83272 | Zot:2    | Gained mutation: Your mind is acute. (Int +4, Str/Dex -1)
                  | [potion of mutation]
 83604 | Zot:4    | Reached skill level 24 in Fighting
 83874 | Zot:4    | HP: 2/184 [white draconian stormcaller (35)]
 84328 | Zot:3    | Lost mutation: You are clumsy. (Dex -2) [potion of
                  | mutation]
 84328 | Zot:3    | Lost mutation: You have a pair of small antennae on your
                  | head. [potion of mutation]
 84328 | Zot:3    | Lost mutation: You do not regenerate when monsters are
                  | visible. [potion of mutation]
 84328 | Zot:3    | Gained mutation: You expend magic power (3 MP) to
                  | strengthen your wands. [potion of mutation]
 84328 | Zot:3    | Gained mutation: You are weak. (Str -2) [potion of
                  | mutation]
 84328 | Zot:3    | Gained mutation: You possess an exceptional clarity of
                  | mind. [potion of mutation]
 85211 | Zot:4    | Noticed an orb of fire
 85218 | Zot:4    | Gained mutation: Potions are less effective at restoring
                  | your health. [an orb of fire]
 85237 | Zot:4    | Gained mutation: You occasionally lose the ability to read
                  | scrolls when taking damage. [an orb of fire]
 85247 | Zot:4    | Killed an orb of fire
 85403 | Zot:4    | Lost mutation: You are weak. (Str -2) [potion of mutation]
 85403 | Zot:4    | Lost mutation: You possess an exceptional clarity of mind.
                  | [potion of mutation]
 85403 | Zot:4    | Lost mutation: You are strong-willed. (Will+) [potion of
                  | mutation]
 85403 | Zot:4    | Gained mutation: Your mind is very acute. (Int +8, Str/Dex
                  | -2) [potion of mutation]
 85403 | Zot:4    | Gained mutation: You are partially covered in iridescent
                  | scales. (AC +2) [potion of mutation]
 85403 | Zot:4    | Gained mutation: You are occasionally teleported next to
                  | monsters. [potion of mutation]
 85404 | Zot:4    | Lost mutation: You are partially covered in iridescent
                  | scales. (AC +2) [potion of mutation]
 85404 | Zot:4    | Lost mutation: Your mind is very acute. (Int +8, Str/Dex
                  | -2) [potion of mutation]
 85404 | Zot:4    | Lost mutation: You expend magic power (3 MP) to strengthen
                  | your wands. [potion of mutation]
 85404 | Zot:4    | Gained mutation: You have sharp toenails. [potion of
                  | mutation]
 85405 | Zot:4    | Lost mutation: Your mind is acute. (Int +4, Str/Dex -1)
                  | [potion of mutation]
 85405 | Zot:4    | Lost mutation: Potions are less effective at restoring your
                  | health. [potion of mutation]
 85405 | Zot:4    | Lost mutation: You occasionally lose the ability to read
                  | scrolls when taking damage. [potion of mutation]
 85405 | Zot:4    | Gained mutation: You occasionally lose the ability to read
                  | scrolls when taking damage. [potion of mutation]
 85405 | Zot:4    | Gained mutation: You are frail. (-10% HP) [potion of
                  | mutation]
 85405 | Zot:4    | Lost mutation: You are frail. (-10% HP) [potion of
                  | mutation]
 85405 | Zot:4    | Gained mutation: You have a somewhat thin skeletal
                  | structure. (Dex +2, Stealth+) [potion of mutation]
 85406 | Zot:4    | Lost mutation: You are occasionally teleported next to
                  | monsters. [potion of mutation]
 85406 | Zot:4    | Lost mutation: You occasionally lose the ability to read
                  | scrolls when taking damage. [potion of mutation]
 85406 | Zot:4    | Lost mutation: You have a somewhat thin skeletal structure.
                  | (Dex +2, Stealth+) [potion of mutation]
 85406 | Zot:4    | Gained mutation: You are weak. (Str -2) [potion of
                  | mutation]
 85406 | Zot:4    | Gained mutation: You are partially covered in large bone
                  | plates. (SH +4) [potion of mutation]
 85406 | Zot:4    | Gained mutation: You passively map a small area around you.
                  | [potion of mutation]
 85485 | Zot:4    | Noticed an orb of fire
 85488 | Zot:4    | Gained mutation: You are very weak. (Str -4) [an orb of
                  | fire]
 85494 | Zot:4    | Gained mutation: Potions are less effective at restoring
                  | your health. [an orb of fire]
 85496 | Zot:4    | Gained mutation: Potions cannot restore your health. [an
                  | orb of fire]
 85504 | Zot:4    | Killed an orb of fire
 85504 | Zot:4    | Received a gift from Okawaru
 85693 | Zot:4    | Reached XP level 27. HP: 165/190 MP: 32/32
 86048 | Zot:5    | Entered Level 5 of the Realm of Zot
 86198 | Zot:5    | Noticed an orb of fire
 86285 | Zot:5    | Gained mutation: You occasionally lose the ability to drink
                  | potions when taking damage. [an orb of fire]
 86290 | Zot:5    | Gained mutation: You sometimes lose your temper in combat.
                  | [an orb of fire]
 86291 | Zot:5    | Killed an orb of fire
 86295 | Zot:5    | Lost mutation: You have sharp toenails. [potion of
                  | mutation]
 86295 | Zot:5    | Lost mutation: You occasionally lose the ability to drink
                  | potions when taking damage. [potion of mutation]
 86295 | Zot:5    | Gained mutation: Your magical capacity is low. (-10% MP)
                  | [potion of mutation]
 86296 | Zot:5    | Lost mutation: You are partially covered in large bone
                  | plates. (SH +4) [potion of mutation]
 86296 | Zot:5    | Lost mutation: You are very weak. (Str -4) [potion of
                  | mutation]
 86296 | Zot:5    | Lost mutation: You passively map a small area around you.
                  | [potion of mutation]
 86296 | Zot:5    | Gained mutation: You are somewhat resistant to further
                  | mutation. [potion of mutation]
 86297 | Zot:5    | Lost mutation: You are weak. (Str -2) [potion of mutation]
 86297 | Zot:5    | Lost mutation: Potions cannot restore your health. [potion
                  | of mutation]
 86297 | Zot:5    | Lost mutation: You sometimes lose your temper in combat.
                  | [potion of mutation]
 86297 | Zot:5    | Gained mutation: Your movements are slightly less
                  | encumbered by armour. (ER -2) [potion of mutation]
 87397 | Zot:5    | Noticed a dread lich
 87411 | Zot:5    | Killed a dread lich
 87435 | Zot:5    | Received a gift from Okawaru
 87596 | Zot:5    | Noticed an ancient lich
 87597 | Zot:5    | Noticed an orb of fire
 87599 | Zot:5    | Noticed an orb of fire
 87710 | Zot:5    | Gained mutation: You occasionally lose the ability to drink
                  | potions when taking damage. [an orb of fire]
 87732 | Zot:5    | Killed an orb of fire
 87745 | Zot:4    | Reached skill level 15 in Evocations
 87762 | Zot:4    | Gained mutation: You are dopey. (Int -2) [an orb of fire]
 87763 | Zot:4    | Killed an orb of fire
 87767 | Zot:4    | Killed an ancient lich
 87767 | Zot:4    | Received a gift from Okawaru
 87768 | Zot:4    | Reached skill level 25 in Fighting
 88480 | Zot:5    | Noticed an ancient lich
 88504 | Zot:5    | Killed an ancient lich
 88504 | Zot:5    | Received a gift from Okawaru
 89176 | Zot:5    | Noticed an orb of fire
 89197 | Zot:5    | Killed an orb of fire
 89637 | Zot:5    | Received a gift from Okawaru
 90765 | Zot:5    | Lost mutation: Your movements are slightly less encumbered
                  | by armour. (ER -2) [potion of mutation]
 90765 | Zot:5    | Lost mutation: You occasionally lose the ability to drink
                  | potions when taking damage. [potion of mutation]
 90765 | Zot:5    | Lost mutation: You are dopey. (Int -2) [potion of mutation]
 90766 | Zot:5    | Lost mutation: Potions are less effective at restoring your
                  | health. [potion of mutation]
 90766 | Zot:5    | Lost mutation: Your magical capacity is low. (-10% MP)
                  | [potion of mutation]
 90766 | Zot:5    | Lost mutation: You are somewhat resistant to further
                  | mutation. [potion of mutation]
 90766 | Zot:5    | Gained mutation: You have sharp toenails. [potion of
                  | mutation]
 90766 | Zot:5    | Gained mutation: Your body sometimes deteriorates upon
                  | taking damage. [potion of mutation]
 90766 | Zot:5    | Gained mutation: You are partially covered in iridescent
                  | scales. (AC +2) [potion of mutation]
 90769 | Zot:5    | Got the Orb of Zot
 90814 | Zot:5    | Noticed Boris
 91013 | Depths:1 | Noticed a seraph
 91382 | D:$      | Escaped with the Orb!

Illustrated notes

Levels and vault maps discovered:
D:1:      eino_arrival_druids_welcome, layout_loops_ring,
          dreamdust_ecumenical_altar_drowned_temple, minmay_pentomino_x2
D:2:      wander_river, layout_loops_ring, uniq_robin
D:3:      layout_loops_cross, led_xom_imps, hellmonk_ghost_happy_afterlife,
          minmay_ogre_servants
D:4:      layout_loops_ring, makhleb_heckhound_becter,
          lemuel_zombie_altar_yredelemnul, minmay_temple_entry_mini_moons,
          serial_shops, nicolae_shop_crystal, shop_statue, shop,
          kennysheep_little_box, nicolae_shop_waterfront, minmay_distorted
D:5:      layout_rooms
D:6:      layout_loops_cross, lightli_sewer_entry_pipes, serial_shops,
          nicolae_shop_behind_doors, nicolae_shop_bloodbath_and_beyond,
          nicolae_shop_overgrown_old_shop
D:7:      minmay_chambers_of_sevens, layout_basic, grunt_temple_overflow_open
D:8:      layout_loops_corners, ebering_ghost_funeral_grove, serial_shops,
          nicolae_lakefront_shop, kb_rosetta
D:9:      layout_long_grid, mainiacjoe_overflow_six_doors_small, eino_curves_04,
          kennysheep_island_fort
D:10:     layout_roguey, mainiacjoe_overflow_alcove_1, enter_trove_2, uniq_urug
D:11:     layout_rooms, erik_lair_orcish_takeover, gammafunk_ghost_ooze,
          hangedman_misty_isle
D:12:     layout_rooms, erik_orc_2, serial_shops, shop_fountains,
          corexii_leaking_fountain, uniq_psyche
D:13:     layout_grid_maze, grunt_vaults_entry_fortified, fedhas_altar_1,
          uniq_lodul
D:14:     layout_cave_pools, cheibrodos_ashenzari_chains,
          small_chamber_with_monster
D:15:     grunt_enter_depths_hoard, layout_basic,
          chequers_serial_rivers_micro_c, portal_ice_cave_entry_pillars_2,
          minmay_misc_feat_hallway, chequers_jeans, nzn_wu_jian_contemplation
Temple:   eino_wide_crystal_templ
Lair:1:   layout_regular_city, serial_forest, infiniplex_forest_lined_2,
          infiniplex_forest_pool, infiniplex_forest_lined_3,
          infiniplex_forest_straight_1, infiniplex_forest_lined_2,
          infiniplex_forest_zigzag_1, infiniplex_forest_lined_1,
          infiniplex_forest_straight_4, cheibrodos_lair_caveside_slide,
          roderic_batcave, disabler_island, lemuel_fruit_tree
Lair:2:   layout_regular_city, shoals_dummy_entry, uniq_gastronok
Lair:3:   layout_layer_cave, spider_nest_entry_rubble, gammafunk_ghost_arena,
          special_room [special_room_bee]
Lair:4:   layout_gridlike, serial_bayou, serial_bayou_pond_b,
          serial_bayou_shore_a, serial_bayou_lagoon_a, serial_bayou_pond_d
Lair:5:   grunt_lair_end_beastmaster, layout_cave_shapes, slime_entry_1,
          enter_volcano_4, minmay_lair_oklob_bushes, grunt_megastairs_3
Shoals:1: layout_shoals
Shoals:2: cheibrodos_shoals_three_sisters, layout_shoals, serial_shops,
          shop_statue, uniq_louise
Shoals:3: layout_shoals, uniq_ilsuiw
Shoals:4: shoals_end_hangedman, layout_shoals, uniq_polyphemus
Spider:1: cheibrodos_spider_silkery, drop_trap
Spider:2: layout_spider_delve, nicolae_orb_island, uniq_donald, uniq_arachne
Spider:3: layout_chambers
Spider:4: spider_rune_water, drop_trap
Orc:1:    layout_diamond_mine, basic_altar, serial_shops, shop, uniq_sonja
Orc:2:    st_orc_ogre_mass, layout_caves, ebering_ghost_inner_flame
Elf:1:    eino_elf_arrival_customs, layout_geoelf_octagon, minmay_elf_sorcery,
          uniq_azrael
Elf:2:    elven_hall_of_blades_hangedman_alternative
          [nicolae_blade_entry_antechamber], layout_geoelf_grid,
          grunt_ministairs_10
Elf:3:    minmay_elf_hall_hex, layout_geoelf_diagonals
Vaults:1: v_misc_19, hangedman_vaults_nodes, nicolae_vaults_little_squares_2,
          vaults_room_semicircle, v_misc_32, nicolae_vaults_statue_guard,
          vaults_room_fancy_cross, v_misc_24, v_misc_24, nicolae_vaults_big_ls,
          layout_vaults_ring
Vaults:2: minmay_crypt_entry_necro_gods, nicolae_vaults_display_case,
          nicolae_vaults_diagonal_hallway_9, nicolae_vaults_network_s,
          v_misc_11, nicolae_vaults_circle_grid_b, v_misc_14,
          vaults_dpeg_encased_lava, v_misc_13, layout_vaults_quadrants
Vaults:3: vaults_room_octagon, v_misc_23, v_misc_13,
          nicolae_vaults_windows_and_doors_thing,
          nicolae_vaults_border_crossing, vaults_room_octagon, v_rooms_5,
          vaults_room_hallway, v_misc_31, hangedman_vaults_stretched_pinwheel,
          vaults_mumra_hex, grunt_vaults_hallway_short, hangedman_vaults_trim,
          layout_vaults_omnicross, uniq_nikola
Vaults:4: ontoclasm_vaults_bender, ontoclasm_vaults_spin,
          ontoclasm_vaults_idyll, hangedman_vaults_nails,
          gammafunk_sealed_arena, nicolae_vaults_little_ls, v_alt_pattern_2,
          v_misc_27, nicolae_vaults_theta, vaults_room_pools,
          layout_vaults_chaotic_city
Vaults:5: serial_shops
Depths:1: layout_cave_shapes, serial_sigils_hangedman_shear, hell_entry,
          minmay_three_doors, grunt_megastairs_5
Depths:2: gammafunk_the_bubble [the_bubble_gammafunk_split], layout_cave_shapes,
          grunt_pan_entry_zigzag, serial_shops, shop, hangedman_geh_valley,
          uniq_josephina
Depths:3: kennysheep_four_of_diamonds, layout_cave_pools, enter_ziggurat_d,
          abyss_entry, hell_entry, item_on_display_a, uniq_boris
Depths:4: grunt_x_marks_the_spot, layout_gridville, okawaru_ov_weapons_minmay,
          rand_demon_pan_entry_3, hell_entry, abyss_entry, hangedman_ru_absence,
          uniq_xtahua, uniq_margery, uniq_mennas
Zot:1:    hangedman_zot_vaults_quadrants, layout_onion_interference,
          st_large_dragon_hoard_1
Zot:2:    layout_misc_corridors
Zot:3:    layout_basic, grunt_ministairs_5, st_stairs_9
Zot:4:    layout_basic, lemuel_lake_of_fire
Zot:5:    layout_cathedral_of_symmetry

Skill      XL: |  1  2  3  4  5  6  7  8  9 10 11 12 13 14 15 16 17 18 19 20 21 22 23 24 25 26 27 |
---------------+----------------------------------------------------------------------------------+-----
Maces & Flails | 3 4 5 6 7 8 9 10 11 12 14 15 16 | 16.0
Invocations    | 1 3 4 6 7 8 10 11 12 13 | 13.0
Fighting       | 4 6 7 8 9 10 12 13 14 15 16 17 19 20 21 22 23 24 25 | 25.8
Shields        | 4 6 7 8 9 10 11 13 14 16 17 19 20 21 22 23 | 23.7
Armour         | 4 6 7 8 9 10 12 13 14 15 17 18 20 21 22 23 | 23.6
Dodging        | 2 4 5 |  5.0
Evocations     | 5 6 8 9 10 11 12 13 14 15 | 15.0
Axes           | 3 7 10 12 13 | 13.2
Throwing       | 4 7 9 10 12 | 12.8

Action                   |  1- 3 |  4- 6 |  7- 9 | 10-12 | 13-15 | 16-18 | 19-21 | 22-24 | 25-27 || total
-------------------------+-------+-------+-------+-------+-------+-------+-------+-------+-------++-------
Melee: Flail             |    91 |   276 |   326 |       |       |       |       |       |       ||   693
       Whip              |       |       |    73 |       |       |       |       |       |       ||    73
       Morningstar       |       |       |   131 |   735 |  1122 |       |     6 |       |       ||  1994
       War axe           |       |       |       |       |   166 |  1402 |  1710 |  1803 |  2221 ||  7302
Throw: Dart              |       |     6 |     4 |       |    18 |     9 |     8 |       |       ||    45
       Javelin           |       |       |       |       |       |       |       |       |    44 ||    44
Invok: Heroism           |       |       |     1 |     6 |    15 |    15 |    15 |    25 |    27 ||   104
       Finesse           |       |       |       |     1 |     4 |     4 |     2 |     7 |    11 ||    29
       Duel              |       |       |       |       |       |       |       |     1 |       ||     1
Evoke: Wand              |       |       |       |     2 |     5 |    14 |     2 |     2 |    21 ||    46
       Tin of tremorston |       |       |       |       |       |       |     1 |       |     5 ||     6
  Use: Scroll            |       |       |    23 |     5 |     5 |       |     5 |     3 |     7 ||    48
       Potion            |       |       |       |       |     1 |     2 |       |     2 |    14 ||    19
 Stab: Paralysed         |       |       |       |       |     2 |     4 |     4 |       |       ||    10
       Distracted        |       |       |       |       |       |     1 |     1 |       |       ||     2
       Invisible         |       |       |       |       |       |    16 |       |       |       ||    16
Armor: Scale mail        |    49 |   151 |   288 |    74 |       |       |       |       |       ||   562
       Plate armour      |       |       |       |   258 |       |       |       |       |       ||   258
       Chain mail        |       |       |       |   171 |   321 |       |       |       |       ||   492
       Crystal plate arm |       |       |       |       |   670 |  1306 |   790 |   585 |  1076 ||  4427
Dodge: Dodged            |    35 |   115 |   216 |   189 |   390 |   371 |   206 |   201 |   325 ||  2048
Block: Buckler           |    16 |    43 |    95 |   195 |   488 |    16 |       |       |       ||   853
       Kite shield       |       |       |       |       |       |   494 |       |       |       ||   494
       Tower shield      |       |       |       |       |       |   929 |  1563 |  1502 |  1840 ||  5834
